 Dungeon Crawl Stone Soup version 0.27.1-35-g4d5d836560 (webtiles) character file.

Game seed: 6556097679970045823

184 CrazyMind the Digger (level 5, -3/49 HPs)
             Began as an Octopode Earth Elementalist on July 9, 2022.
             Slain by Ijyb (5 damage)
             ... on level 5 of the Dungeon.
             The game lasted 00:13:58 (3859 turns).

CrazyMind the Digger (Octopode Earth Elementalist)  Turns: 3859, Time: 00:13:59

Health: -3/49      AC: 22    Str:  7    XL:     5   Next: 64%
Magic:  6/9        EV:  2    Int: 19    God:
Gold:   79         SH:  0    Dex: 12    Spells: 3/9 levels left

rFire    . . .     SeeInvis .   g - staff of earth
rCold    . . .     Faith    .   (no shield)
rNeg     + + +     Spirit   .   (helmet currently unavailable)
rPois    +         Reflect  .   (no amulet)
rElec    .         Harm     .   (no ring)
rCorr    .         Rampage  .   (no ring)
Will     .....     NoTele   +   (no ring)
Stlth    ++........             (no ring)
HPRegen  0.16/turn              (no ring)
MPRegen  0.11/turn              (no ring)
                                (no ring)
                                (no ring)

@: mighty, lethally poisoned (-3 -> -8), tree-form
A: stationary, stasis, torment immunity, boosted hp, almost no armour,
(amphibious), 8 rings, (camouflage 1), (gelatinous body 1), (nimble swimmer 1),
(tentacles)
a: no special abilities


You were on level 5 of the Dungeon.
You were a tree.
You visited 1 branch of the dungeon, and saw 4 of its levels.

You collected 79 gold pieces.

Inventory:

Hand Weapons
 d - a +1 dagger of electrocution
Missiles
 e - 20 poisoned darts
Magical Staves
 g - a staff of earth (weapon)
Potions
 f - a potion of might


   Skills:
 + Level 1.0 Fighting
 * Level 0.7 Staves
 + Level 2.1 Dodging
 + Level 4.2 Stealth
 * Level 2.8 Spellcasting
 * Level 0.2 Conjurations
 - Level 1.0 Transmutations
 * Level 4.5 Earth Magic
 * Level 1.0 Evocations


You had 3 spell levels left.
You knew the following spells:

 Your Spells              Type           Power      Damage    Failure   Level
a - Sandblast             Erth           58%        2d13      2%          1
b - Passwall              Tmut/Erth      15%        N/A       8%          2
c - Stone Arrow           Conj/Erth      34%        3d9       17%         3

Your spell library contained the following spells:

 Spells                   Type           Power      Damage    Failure   Level
 Dazzling Flash           Conj/Hex       6%         N/A       41%         3
 Petrify                  Tmut/Erth      19%        N/A       45%         4
 Agony                    Necr           2%         N/A       99%         5
 Silence                  Hex/Air        1%         N/A       99%         5


Dungeon Overview and Level Annotations

Branches:
Dungeon (3/15)

Altars:

Shops:
D:1 =

Annotations:
D:2 1 runed translucent door, Crazy Yiuf, Natasha, Terence
D:5 Ijyb


Innate Abilities, Weirdness & Mutations

You are a tree.
Your roots penetrate the ground, keeping you stationary.
You cannot be teleported.
You are immune to unholy pain and torment.
Your maximum health is greatly increased.
You cannot wear most types of armour.
((You are amphibious.))
You can wear up to eight rings at the same time.
((Your skin changes colour to match your surroundings (Stealth+).))
((Your rubbery body absorbs attacks. (AC +1, EV +1)))
((You are camouflaged near water. (Stealth+)))
((You have tentacles for arms and can constrict up to eight enemies at once.))


Message History

Ijyb hits you but does no damage.
You are poisoned.
You hit Ijyb but do no damage.
You feel very sick.
Ijyb hits you with a +4 dagger of venom.
You feel very mighty all of a sudden.
You feel sick. Ijyb hits you but does no damage.
You hit Ijyb!
Ijyb is moderately wounded.
You feel sick. Ijyb hits you but does no damage.
You are more poisoned.
You closely miss Ijyb.
Ijyb is moderately wounded.
You feel very sick.
Ijyb zaps a wand.
You barely resist. You hit Ijyb!
Ijyb is severely wounded.
You feel very sick. Ijyb hits you but does no damage.
Ijyb hits you with a +4 dagger of venom.
You hit Ijyb but do no damage.
Ijyb is severely wounded.
You feel sick.
Ijyb zaps a wand.
Your mind is blasted!
* * * LOW HITPOINT WARNING * * *
You are mighty.
You are lethally poisoned (4 -> -3).
You are a tree.
Your movement speed is average.
Your attack delay is about 1.1.
Okay, then.
Unknown command.
You aren't carrying any scrolls.
Casting: Stone Arrow (dangerous; 17% risk of failure)
Confirm with . or Enter, or press ? or * to list all spells.
Aiming: Stone Arrow (dangerous; 17% risk of failure)
Press: ? - help, Shift-Dir - straight line, f - Ijyb
Aim: Ijyb, wielding a +4 dagger of venom, wearing a +0 ring mail and carrying a wand of mindburst (13) (severely wounded, 64% to hit)
You feel a surge of power!
The stone arrow hits Ijyb.
Ijyb is almost dead.
* * * LOW HITPOINT WARNING * * *
You feel sick.
Ijyb hits you with a +4 dagger of venom.
You die... o

.o..#############.#.##
..............♣g......
....#########.....#.##
# #.##### #.# $.. ##.#
... #.#


You could see Ijyb.

Vanquished Creatures
  Natasha (D:2)
  Robin (D:2)
  4 gnolls
  3 adders (D:2)
  4 worms
  A dart slug (D:2)
  3 ball pythons (D:1)
  5 bats
  4 endoplasms
  3 giant cockroaches
  8 goblins
  13 hobgoblins
  4 jackals (D:2)
  4 kobolds
  A quokka (D:1)
  2 frilled lizards (D:2)
  5 rats
66 creatures vanquished.

Notes
Turn   | Place    | Note
-------+----------+-------------------------------------------
     0 | D:1      | CrazyMind the Octopode Earth Elementalist began the quest
                  | for the Orb.
     0 | D:1      | Reached XP level 1. HP: 11/11 MP: 3/3
   233 | D:1      | Reached XP level 2. HP: 17/17 MP: 5/5
   236 | D:1      | Learned a level 2 spell: Passwall
   952 | D:1      | Reached XP level 3. HP: 20/21 MP: 6/6
   956 | D:1      | Learned a level 3 spell: Stone Arrow
   964 | D:1      | Found Piozall's Jewellery Shop.
  1505 | D:2      | Identified the -5 helmet of the Solstice {Regen+}
  1505 | D:2      | Noticed Robin
  1511 | D:2      | Killed Robin
  1512 | D:2      | Reached XP level 4. HP: 27/27 MP: 3/7
  1513 | D:2      | Noticed Terence
  1942 | D:2      | Noticed Natasha
  1955 | D:2      | Killed Natasha
  2202 | D:2      | Found a runed translucent door.
  2203 | D:2      | Noticed Crazy Yiuf
  2203 | D:2      | Noticed Natasha
  2231 | D:2      | Reached XP level 5. HP: 31/32 MP: 9/9
  3414 | D:2      | Reached skill level 1 in Fighting
  3414 | D:2      | Reached skill level 1 in Evocations
  3833 | D:3      | You fall into a shaft and drop 2 floors!
  3833 | D:5      | Entered Level 5 of the Dungeon
  3837 | D:5      | Noticed Ijyb
  3859 | D:5      | HP: 2/49 [poisoned by Ijyb]
  3859 | D:5      | Slain by Ijyb

Illustrated notes

Levels and vault maps discovered:
D:1:      lightli_arrival_boilingwater, layout_basic, serial_shops, shop
D:2:      layout_basic, uniq_natasha, uniq_crazy_yiuf_cottage, uniq_terence,
          uniq_robin
D:3:      wad_crossroads, layout_rooms, shapermc_ecumenical_altar_flowoftime,
          nrook_mini_vaults
D:5:      layout_basic, uniq_ijyb

Skill      XL: |  1  2  3  4  5 |
---------------+----------------+-----
Stealth        | 3 4 |  4.2
Earth Magic    | 4 |  4.5
Fighting       | 1 |  1.0
Evocations     | 1 |  1.0
Staves         | |  0.7
Dodging        | |  2.1
Spellcasting   | |  2.8
Conjurations   | |  0.2
Transmutations | |  1.0

Action                   |  1- 3 |  4- 6 || total
-------------------------+-------+-------++-------
Melee: Unarmed           |    15 |       ||    15
       Tentacles         |     8 |    13 ||    21
       Constrict         |    14 |    10 ||    24
       Dagger            |    24 |     3 ||    27
       Short sword       |     9 |       ||     9
       Whip              |     1 |       ||     1
       Staff             |       |    43 ||    43
 Cast: Sandblast         |    22 |    27 ||    49
       Stone Arrow       |       |     7 ||     7
  Use: Scroll            |       |     3 ||     3
       Potion            |       |     3 ||     3
 Stab: Sleeping          |    17 |     5 ||    22
Armor: Skin              |     4 |     6 ||    10
Dodge: Dodged            |    28 |    37 ||    65
